 Dungeon Crawl Stone Soup version 0.30-b1-2-g02819fbbbe (webtiles) character file.

Game seed: 5289949264485409392

399 raph the Sneak (level 7, -8/40 HPs)
             Began as a Kobold Enchanter on Jan 9, 2024.
             Killed from afar by Eustachio (21 damage)
             ... with a bolt of dispelling energy
             ... on level 4 of the Dungeon.
             The game lasted 00:04:02 (3536 turns).

raph the Sneak (Kobold Enchanter)                   Turns: 3536, Time: 00:04:02

Health: -8/40      AC:  1    Str:  6    XL:     7   Next: 10%
Magic:  0/10       EV: 16    Int: 16    God:
Gold:   975        SH:  0    Dex: 17    Spells: 2/10 levels left

rFire   . . .        a - +1 dagger
rCold   . . .        (no shield)
rNeg    . . .        (no body armour)
rPois   .            (no helmet)
rElec   .            p - +0 cloak
rCorr   .            (no gloves)
SInv    .            (no boots)
Will    .....        (no amulet)
Stlth   +++++        (no ring)
HPRegen 0.26/turn    (no ring)
MPRegen 0.12/turn

%: no passive effects
@: no status effects
A: small, no large weapons, nightstalker 3
a: no special abilities


You were on level 4 of the Dungeon.
You visited 1 branch of the dungeon, and saw 4 of its levels.

You collected 975 gold pieces.

Inventory:

Hand Weapons
 a - a +1 dagger (weapon)
Armour
 d - a +0 leather armour
 p - a +0 cloak (worn)
Jewellery
 g - a +4 ring of protection
Wands
 h - a wand of quicksilver (11)
 n - a wand of roots (7)
Scrolls
 i - a scroll of teleportation
Potions
 b - a potion of curing {unknown}
 c - 2 potions of invisibility
 e - a potion of might {unknown}
 f - a potion of heal wounds
 j - a potion of mutation {unknown}
 k - 2 potions of berserk rage {unknown}
 m - a potion of lignification


   Skills:
 + Level 2.4 Fighting
 + Level 3.5 Short Blades
 + Level 3.8 Dodging
 * Level 7.5 Stealth
 - Level 2.1 Spellcasting
 + Level 3.9 Hexes


You had 2 spell levels left.
You knew the following spells:

 Your Spells              Type           Power      Damage    Failure   Level
a - Ensorcelled Hibernat  Hex/Ice        14%        N/A       14%         2
b - Confusing Touch       Hex            14%        N/A       12%         3
c - Tukima's Dance        Hex            14%        N/A       12%         3

Your spell library contained the following spells:

 Spells                   Type           Power      Damage    Failure   Level
 Sublimation of Blood     Necr           1%         N/A       30%         2
 Dazzling Flash           Conj/Hex       14%        N/A       28%         3
 Petrify                  Tmut/Erth      1%         N/A       90%         4
 Irradiate                Conj/Tmut      0%         3d11      99%         5


Dungeon Overview and Level Annotations

Branches:
Dungeon (4/15)
 Temple: D:4-7

Altars:
Ru

Annotations:
D:4 Eustachio


Innate Abilities, Weirdness & Mutations

You are small and have problems with some larger weapons.
You are completely attuned to the shadows.


Message History

Eustachio blinks!
Eustachio zaps a wand.
The bolt of dispelling energy hits you!
There is an open door here.
Casting: Ensorcelled Hibernation (safe; 14% risk of failure)
Confirm with . or Enter, or press ? or * to list all spells.
Aiming: Ensorcelled Hibernation (safe; 14% risk of failure)
Press: ? - help, Shift-Dir - straight line, f - Eustachio
Aim: Eustachio, wielding a +0 rapier, wearing a +0 leather armour and carrying a wand of quicksilver (6) (chance to affect: 40%) Eustachio resists with some effort.
Casting: Ensorcelled Hibernation (safe; 14% risk of failure)
Confirm with . or Enter, or press ? or * to list all spells.
Aiming: Ensorcelled Hibernation (safe; 14% risk of failure)
Press: ? - help, Shift-Dir - straight line, f/p - Eustachio
Aim: Eustachio, wielding a +0 rapier, wearing a +0 leather armour and carrying a wand of quicksilver (6) (chance to affect: 40%) Eustachio resists with some effort.
Eustachio hits you with a +0 rapier!
Casting: Ensorcelled Hibernation (safe; 14% risk of failure)
Confirm with . or Enter, or press ? or * to list all spells.
Aiming: Ensorcelled Hibernation (safe; 14% risk of failure)
Press: ? - help, Shift-Dir - straight line, f/p - Eustachio
Aim: Eustachio, wielding a +0 rapier, wearing a +0 leather armour and carrying a wand of quicksilver (6) (chance to affect: 40%) Eustachio resists with some effort.
Eustachio closely misses you.
Casting: Ensorcelled Hibernation (safe; 14% risk of failure)
Confirm with . or Enter, or press ? or * to list all spells.
Aiming: Ensorcelled Hibernation (safe; 14% risk of failure)
Press: ? - help, Shift-Dir - straight line, f/p - Eustachio
Aim: Eustachio, wielding a +0 rapier, wearing a +0 leather armour and carrying a wand of quicksilver (6) (chance to affect: 40%) Eustachio resists with some effort.
Eustachio hits you with a +0 rapier!
Casting: Ensorcelled Hibernation (safe; 14% risk of failure)
Confirm with . or Enter, or press ? or * to list all spells.
Aiming: Ensorcelled Hibernation (safe; 14% risk of failure)
Press: ? - help, Shift-Dir - straight line, f/p - Eustachio
Aim: Eustachio, wielding a +0 rapier, wearing a +0 leather armour and carrying a wand of quicksilver (6) (chance to affect: 40%) Eustachio looks drowsy...
The helpless Eustachio fails to defend himself.
You perforate Eustachio like a sieve!!!
Eustachio is almost dead.
Eustachio zaps a wand.
The bolt of dispelling energy hits you!!
Ouch! That really hurt!
You die...

...........#......######...##.
......................##+####.
#####.....#####.....#..#.....#.
#.....##### #####)####.....##
###.....'.... +............
........##### #####............
......>.....#####................
.##..##.#........@...............
.##'###.##.....#@##....##########
.##......#.....#..#....#.........
.........#.....#..'....#.........
.........#.....#..#....#.........
.##..###+#.....#..#....##..####..
#######.......##..#.....#..####..
......#.......#...#.....#........
......#.......#...#.....#........
###...'.......#...#.....+........


You could see Eustachio.

Vanquished Creatures
  Sigmund (D:3)
  An ogre (D:4)
  A jelly (D:2)
  Crazy Yiuf (D:3)
  An orc wizard (D:3)
  3 gnolls (D:2)
  3 ball pythons
  2 bats (D:3)
  2 endoplasms
  A giant cockroach (D:2)
  4 goblins
  5 hobgoblins
  4 kobolds (D:2)
  2 quokkas
  A frilled lizard (D:1)
  5 rats
37 creatures vanquished.

Notes
Turn   | Place    | Note
-------+----------+-------------------------------------------
     0 | D:1      | raph the Kobold Enchanter began the quest for the Orb.
     0 | D:1      | Reached XP level 1. HP: 10/10 MP: 3/3
   482 | D:1      | Reached XP level 2. HP: 15/15 MP: 5/5
   561 | D:1      | Learned a level 2 spell: Ensorcelled Hibernation
   781 | D:2      | Reached skill level 5 in Stealth
   852 | D:2      | Found a faded altar of an unknown god.
  1343 | D:2      | Reached XP level 3. HP: 20/20 MP: 3/6
  1347 | D:2      | Learned a level 3 spell: Confusing Touch
  1529 | D:2      | Reached XP level 4. HP: 24/24 MP: 4/7
  1804 | D:2      | Reached skill level 1 in Fighting
  1804 | D:2      | Reached skill level 6 in Stealth
  2303 | D:3      | Noticed Sigmund
  2304 | D:3      | Found a sacrificial altar of Ru.
  2305 | D:3      | Killed Sigmund
  2306 | D:3      | Reached skill level 7 in Stealth
  2306 | D:3      | Reached XP level 5. HP: 30/30 MP: 8/8
  2306 | D:3      | Reached XP level 6. HP: 35/35 MP: 9/9
  2660 | D:3      | Found a runed translucent door.
  2663 | D:3      | Noticed Crazy Yiuf
  2668 | D:3      | Killed Crazy Yiuf
  2994 | D:4      | Identified a scroll of acquirement
  2994 | D:4      | Acquired 770 gold pieces
  3130 | D:4      | Noticed an ogre
  3134 | D:4      | Killed an ogre
  3135 | D:4      | Reached XP level 7. HP: 40/40 MP: 6/10
  3251 | D:4      | Learned a level 3 spell: Tukima's Dance
  3526 | D:4      | Noticed Eustachio
  3536 | D:4      | Killed from afar by Eustachio

Illustrated notes

Levels and vault maps discovered:
D:1:      matt_arrival_debris, layout_loops_ring
D:2:      layout_basic, shapermc_ecumenical_altar_mp_highgroup
D:3:      layout_loops_ring, nicolae_ru_great_annihilating_truth, uniq_sigmund,
          uniq_crazy_yiuf_cottage
D:4:      layout_gridville, mainiacjoe_overflow_surrounded_room, uniq_eustachio,
          uniq_menkaure

Skill      XL: |  1  2  3  4 |
---------------+-------------+-----
Stealth        | 5 7 |  7.5
Short Blades   | 3 |  3.5
Fighting       | 2 |  2.4
Dodging        | 3 |  3.8
Spellcasting   | |  2.1
Hexes          | |  3.9

Action                     |  1- 3 |  4- 6 |  7- 9 || total
---------------------------+-------+-------+-------++-------
  Melee: Dagger            |    45 |    29 |     2 ||    76
   Cast: Ensorcelled Hiber |     8 |    11 |     6 ||    25
    Use: Scroll            |       |     8 |     1 ||     9
   Stab: Sleeping          |    13 |    16 |     2 ||    31
         Paralysed         |       |     1 |       ||     1
 Armour: Robe              |     3 |     6 |       ||     9
  Dodge: Dodged            |    23 |     8 |     1 ||    32
